 Dungeon Crawl Stone Soup version 0.27-a0-1312-g5cdb2b3542 (webtiles) character file.

Game seed: 4468599190901185018

2552 Zonian the Destroyer (level 9, -4/52 HPs)
             Began as a Tengu Conjurer on June 19, 2021.
             Was a Follower of Vehumet.
             Slain by a hornet (16 damage)
             ... on level 7 of the Dungeon.
             The game lasted 00:13:00 (10220 turns).

Zonian the Destroyer (Tengu Conjurer)              Turns: 10220, Time: 00:13:01

Health: -4/52      AC:  2    Str: 13    XL:     9   Next: 56%
Magic:  20/27      EV: 16    Int: 22    God:    Vehumet [*.....]
Gold:   285        SH:  0    Dex: 13    Spells: 5/19 levels left

rFire    . . .     SeeInvis .   i - staff of conjuration
rCold    . . .     Faith    .   (no shield)
rNeg     . . .     Spirit   .   w - +0 robe {Archmagi}
rPois    .         Reflect  .   q - +0 hat
rElec    .         Harm     .   (no cloak)
rCorr    .         Rampage  .   (no gloves)
Will     .....                  (boots unavailable)
Stlth    +++.......             (no amulet)
HPRegen  0.17/turn              e - +6 ring of strength
MPRegen  0.20/turn              A - ring of magical power

@: flying quickly and evasively, slowed, very slow
A: beak, talons 3, nimble flight
a: Renounce Religion


You were on level 7 of the Dungeon.
You worshipped Vehumet.
Vehumet was aware of your devotion.
You visited 2 branches of the dungeon, and saw 8 of its levels.

You collected 327 gold pieces.
You spent 42 gold pieces at shops.

Inventory:

Hand Weapons
 f - a +1 rapier
 g - a +2 vampiric hand axe
 n - a +1 whip of pain
 B - a +3 flail of protection
Missiles
 h - 6 silver javelins
Armour
 a - a +0 robe
 q - a +0 hat (worn)
 w - a +0 robe of the Archmagi (worn)
Magical Staves
 i - a staff of conjuration (weapon)
 r - a staff of cold
Jewellery
 e - a +6 ring of strength (left hand)
 s - a ring of positive energy
 v - an amulet of faith
 x - an amulet of guardian spirit
 A - a ring of magical power (right hand)
Wands
 m - a wand of digging (7)
Scrolls
 b - 2 scrolls of enchant weapon
 d - 3 scrolls of magic mapping
 k - a scroll of noise
 l - 5 scrolls of teleportation
Potions
 c - 2 potions of might
 j - 2 potions of mutation
 o - 3 potions of heal wounds
 p - a potion of cancellation {unknown}
 t - a potion of berserk rage {unknown}
 u - a potion of haste {unknown}
 z - a potion of attraction {unknown}
 C - 2 potions of magic {unknown}
 D - a potion of curing {unknown}


   Skills:
 + Level 4.4 Fighting
 - Level 1.5 Short Blades
 + Level 5.5 Dodging
 + Level 5.9 Stealth
 + Level 5.6 Spellcasting
 + Level 10.1 Conjurations
 - Level 2.0 Hexes


You had 5 spell levels left.
You knew the following spells:

 Your Spells              Type           Power      Damage    Failure   Level
a - Magic Dart            Conj           100%       1d8       1%          1
b - Searing Ray           Conj           100%       3d7       1%          2
c - Dazzling Flash        Conj/Hex       100%       N/A       2%          3
d - Fulminant Prism       Conj/Hex       32%        3d16      8%          4
e - Iskenderun's Mystic   Conj/Tloc      59%        2d12      12%         4

Your spell library contained the following spells:

 Spells                   Type           Power      Damage    Failure   Level
 Sandblast                Erth           18%        2d7       10%         1
 Shock                    Conj/Air       100%       1d9       1%          1
 Static Discharge         Conj/Air       59%        N/A       1%          2
 Swiftness                Air            9%         N/A       28%         3
 Lightning Bolt           Conj/Air       29%        1d46      32%         5
 Airstrike                Air            4%         N/A       67%         4


Dungeon Overview and Level Annotations

Branches:
Dungeon (7/15)             Temple (1/1) D:4

Altars:
Dithmenos
Elyvilon
Vehumet
Yredelemnul

Shops:
D:4 !*=   D:5 [


Innate Abilities, Weirdness & Mutations

You have a beak for a mouth.
You have claws for feet.
Your magical nature lets you fly swiftly and evasively.


Message History

Casting: Magic Dart (safe; 1% risk of failure)
Confirm with . or Enter, or press ? or * to list all spells.
Aiming: Searing Ray (safe; 1% risk of failure)
Press: ? - help, Shift-Dir - straight line, f/p - hornet
Aim: a hornet (lightly wounded, 74% to hit)
You feel a strong surge of power!
The searing ray misses the hornet. (Press . to maintain the ray.) Unknown command.
The searing ray hits the hornet!
The hornet is moderately wounded.
The hornet closely misses you.
Unknown command.
The searing ray hits the hornet!
The hornet is heavily wounded.
The hornet stings you.
You feel yourself slow down.
Unknown command.
The searing ray hits the hornet.
The hornet is severely wounded.
You finish channeling your searing ray.
You feel yourself speed up. The hornet stings you!
You feel yourself slow down. The hornet misses you.
Unknown command.
Casting: Searing Ray (safe; 1% risk of failure)
Confirm with . or Enter, or press ? or * to list all spells.
Aiming: Searing Ray (safe; 1% risk of failure)
Press: ? - help, Shift-Dir - straight line, f/p - hornet
Aim: a hornet (severely wounded, 74% to hit)
You feel a strong surge of power!
The searing ray hits the hornet.
The hornet is severely wounded. (Press . to maintain the ray.)
The hornet stings you!
You feel as though you will be slow longer.
The hornet stings you!
* * * LOW HITPOINT WARNING * * *
You feel as though you will be slow longer.
A gnoll comes into view. It is wielding a +0 spear.
The killer bee stings you.
* * * LOW HITPOINT WARNING * * *
The hornet stings you!
You die...

. .. .... ### ...
....# .. ###....
....# #.# ....#.g
#...
##.####y......
#...##.....@y.#
#......###.####
#....#...#
####.#......###
.......<..........
####...#.#<#######
#....#.#...
#..####.##### #.
#.#


You could see a hornet, a killer bee and a gnoll (wandering).

Vanquished Creatures
  A steam dragon (D:6)
  A water moccasin (D:6)
  2 ice beasts (D:6)
  4 ogres
  4 black bears
  2 necrophages
  3 centaurs
  A phantom (D:5)
  A scorpion (D:4)
  A howler monkey (D:4)
  A bullfrog zombie (D:6)
  A centaur zombie (D:5)
  2 jellies (D:5)
  3 orc priests (D:6)
  4 bullfrog skeletons
  7 iguanas
  Ijyb (D:4)
  2 orc wizards (D:5)
  Natasha (twice) (D:4)
  A hound zombie (D:5)
  A howler monkey skeleton (D:6)
  8 adders
  A shadow imp (D:5)
  2 white imps
  3 adder skeletons (D:4)
  2 worms
  10 orcs
  5 endoplasms
  4 giant cockroaches
  3 goblins
  9 hobgoblins
  8 jackals
  2 quokkas (D:1)
  5 ball pythons
  6 bats
  6 frilled lizards
  3 kobolds
  5 rats
127 creatures vanquished.

Vanquished Creatures (collateral kills)
  A jackal (D:4)
1 creature vanquished.

Grand Total: 128 creatures vanquished

Notes
Turn   | Place    | Note
-------+----------+-------------------------------------------
     0 | D:1      | Zonian the Tengu Conjurer began the quest for the Orb.
     0 | D:1      | Reached XP level 1. HP: 10/10 MP: 4/4
   244 | D:1      | Reached XP level 2. HP: 15/15 MP: 3/6
   476 | D:1      | Reached skill level 6 in Conjurations
   986 | D:2      | Noticed a shining eye
   988 | D:2      | Found a faded altar of an unknown god.
   990 | D:2      | Noticed a great orb of eyes
   990 | D:2      | Noticed an eye of devastation
   990 | D:2      | Noticed a shining eye
  1015 | D:2      | Reached XP level 3. HP: 19/19 MP: 4/7
  1240 | D:2      | Learned a level 2 spell: Searing Ray
  2408 | D:3      | Reached XP level 4. HP: 24/24 MP: 5/8
  2687 | D:3      | Reached skill level 7 in Conjurations
  3094 | D:4      | Gained mutation: Your magical nature lets you fly swiftly
                  | and evasively. [Tengu growth]
  3094 | D:4      | Reached XP level 5. HP: 28/28 MP: 3/10
  3317 | D:4      | Found Bifuek's Distillery.
  3365 | D:4      | Found Netuklu's Assorted Antiques.
  3368 | D:4      | Bought a scroll labelled KOTAPPE ZEAT for 21 gold pieces
  3368 | D:4      | Bought a scroll labelled UTWIHUBRUH for 21 gold pieces
  3397 | D:4      | Noticed a black bear
  3414 | D:4      | Killed a black bear
  3415 | D:4      | Reached XP level 6. HP: 30/32 MP: 2/12
  3538 | D:4      | Noticed a black bear
  3554 | D:4      | Killed a black bear
  3555 | D:4      | Reached skill level 1 in Short Blades
  3555 | D:4      | Reached skill level 8 in Conjurations
  3868 | D:4      | Reached XP level 7. HP: 37/37 MP: 4/13
  3972 | D:4      | Found a staircase to the Ecumenical Temple.
  3986 | Temple   | Entered the Ecumenical Temple
  3991 | Temple   | Became a worshipper of Vehumet
  4036 | D:4      | Learned a level 3 spell: Dazzling Flash
  4041 | D:4      | Learned a level 4 spell: Fulminant Prism
  4048 | D:4      | Noticed Natasha
  4060 | D:4      | Killed Natasha
  4067 | D:4      | Reached skill level 1 in Fighting
  4576 | D:4      | Found Orheth's Jewellery Shop.
  4576 | D:4      | Noticed Natasha
  4579 | D:4      | Killed Natasha
  4652 | D:4      | Noticed Ijyb
  4660 | D:4      | Killed Ijyb
  4845 | D:5      | Entered Level 5 of the Dungeon
  5635 | D:5      | Reached XP level 8. HP: 39/44 MP: 8/15
  5833 | D:5      | Reached skill level 9 in Conjurations
  6463 | D:5      | Reached * piety under Vehumet
  6463 | D:5      | Offered knowledge of Sandblast by Vehumet.
  6700 | D:5      | Found Epaorua's Armour Boutique.
  7870 | D:6      | Reached skill level 5 in Spellcasting
  7935 | D:6      | Reached skill level 5 in Stealth
  7936 | D:6      | Reached skill level 1 in Hexes
  7941 | D:6      | Reached XP level 9. HP: 38/51 MP: 12/17
  8852 | D:5      | Learned a level 4 spell: Iskenderun's Mystic Blast
  8894 | D:6      | Reached skill level 5 in Dodging
  9618 | D:6      | Reached skill level 10 in Conjurations
 10214 | D:7      | Noticed a hornet
 10220 | D:7      | Slain by a hornet

Illustrated notes

Levels and vault maps discovered:
D:1:      dpeg_arrival_court, layout_basic, minmay_liquid_box,
          chequers_serial_rivers_small_b
D:2:      layout_basic, hellmonk_ecumenical_altar_watching_god
D:3:      layout_rooms, portal_sewer_entry_d, amcnicky_mini_corridor_feature
D:4:      layout_loops_ring, minmay_temple_entry_grid, serial_shops,
          nicolae_shop_behind_doors, kennysheep_little_box,
          kennysheep_mini_moat, uniq_ijyb, uniq_natasha
D:5:      layout_basic, serial_shops, nicolae_shop_waterfront,
          grunt_ministairs_13
D:6:      layout_rooms, minmay_bent
D:7:      layout_rooms
Temple:   nicolae_temple_elliptical

Skill      XL: |  1  2  3  4  5  6  7  8  9 |
---------------+----------------------------+-----
Conjurations   | 6 7 8 9 10 | 10.1
Spellcasting   | 3 4 5 |  5.6
Stealth        | 3 4 5 |  5.9
Short Blades   | 1 |  1.5
Fighting       | 2 3 4 |  4.4
Dodging        | 3 4 5 |  5.5
Hexes          | 1 2 |  2.0

Action                   |  1- 3 |  4- 6 |  7- 9 || total
-------------------------+-------+-------+-------++-------
Melee: Rapier            |    13 |     9 |       ||    22
       Kick              |     1 |     1 |     2 ||     4
       Peck              |     1 |     3 |     2 ||     6
       Staff             |       |       |     9 ||     9
 Cast: Magic Dart        |    71 |    43 |   165 ||   279
       Searing Ray       |     2 |     7 |    34 ||    43
  Use: Scroll            |     2 |     7 |     3 ||    12
Armor: Robe              |     5 |       |     2 ||     7
Dodge: Dodged            |    10 |    11 |    48 ||    69

Table legend: (Time is in decaauts)
 A = Elapsed time spent in this place.
 B = Non-inter-level travel time spent in this place.
 C = Inter-level travel time spent in this place.
 D = Time resting spent in this place.
 E = Time spent auto-exploring this place.
 F = Levels seen in this place.
 G = Mean time per level.
                   A        B        C        D        E       F      G
               +--------+--------+--------+--------+--------+-----+--------+
         Total |  10089 |   9880 |    209 |   5358 |   3572 |   8 | 1261.1 |
       Dungeon |  10079 |   9874 |    205 |   5358 |   3572 |   7 | 1439.9 |
        Temple |     10 |      6 |      4 |      0 |      0 |   1 |   10.0 |
               +--------+--------+--------+--------+--------+-----+--------+

Top non-repeatable levels by time:
     D:5: 2975 daAuts
     D:6: 2182 daAuts
     D:4: 1718 daAuts
     D:2: 1413 daAuts
     D:3: 888 daAuts
     D:1: 765 daAuts
     D:7: 134 daAuts
  Temple: 10 daAuts
